 Dungeon Crawl Stone Soup version 0.29.1-1-gd02db6906a (webtiles) character file.

Game seed: 5990312217902311468

98 smilodon the Sneak (level 4, 0/30 HPs)
             Began as a Vampire Enchanter on Sept 24, 2022.
             Slain by a hound (4 damage)
             ... on level 4 of the Dungeon on Sept 25, 2022.
             The game lasted 00:11:52 (2979 turns).

smilodon the Sneak (Vampire Enchanter)              Turns: 2979, Time: 00:11:53

Health: 0/30       AC:  2    Str:  7    XL:     4   Next: 43%
Magic:  2/7        EV: 13    Int: 17    God:
Gold:   149        SH:  0    Dex: 16    Spells: 2/8 levels left

rFire   . . .      SeeInvis +   j - +3 dagger (vamp)
rCold   . . .      Faith    .   (no shield)
rNeg    + . .      Spirit   .   b - +0 robe
rPois   .          Reflect  .   (no helmet)
rElec   .          Harm     .   (no cloak)
rCorr   +          Rampage  .   (no gloves)
Will    .....                   (no boots)
Stlth   +++.......              (no amulet)
HPRegen 0.30/turn               e - ring of positive energy
MPRegen 0.10/turn               g - ring of resist corrosion

@: healing quickly, invisible
A: alive, fangs 3, see invisible, vampiric 2, claws 1, no potion heal 1
a: Exsanguinate


You were on level 4 of the Dungeon.
You visited 1 branch of the dungeon, and saw 4 of its levels.

You collected 149 gold pieces.

Inventory:

Hand Weapons
 j - a +3 vampiric dagger (weapon)
Missiles
 h - 6 silver javelins
 i - 6 boomerangs (quivered)
Armour
 b - a +0 robe (worn)
Jewellery
 e - a ring of positive energy (left claw)
 g - a ring of resist corrosion (right claw)
Potions
 f - 2 potions of haste


   Skills:
 + Level 2.3 Short Blades
 + Level 3.0 Dodging
 + Level 5.3 Stealth
 + Level 2.6 Spellcasting
 + Level 5.2 Hexes


You had 2 spell levels left.
You knew the following spells:

 Your Spells              Type           Power      Damage    Failure   Level
a - Confusing Touch       Hex            20%        N/A       6%          3
b - Tukima's Dance        Hex            20%        N/A       6%          3

Your spell library contained the following spells:

 Spells                   Type           Power      Damage    Failure   Level
 Ensorcelled Hibernation  Hex/Ice        22%        N/A       10%         2
 Beastly Appendage        Tmut           4%         N/A       19%         1
 Necrotise                Necr           8%         1d4       19%         1
 Wereblood                Tmut           2%         N/A       28%         2
 Dazzling Flash           Conj/Hex       22%        N/A       19%         3
 Spider Form              Tmut/Pois      2%         N/A       50%         3
 Vampiric Draining        Necr           2%         2d6       50%         3
 Agony                    Necr           2%         N/A       99%         5


Dungeon Overview and Level Annotations

Branches:
Dungeon (4/15)
 Temple: D:4-7

Altars:
Xom

Shops:
D:1 (


Innate Abilities, Weirdness & Mutations

Your natural rate of healing is accelerated.
You have razor-sharp teeth.
You have supernaturally acute eyesight. (SInv)
You are afflicted with vampirism and can become a bat while bloodless.
You have sharp fingernails.
Potions are less effective at restoring your health.


Message History

Aim: an ogre, wielding a +0 giant club (chance to affect: 52%)
The ogre resists with significant effort.
Casting: Tukima's Dance (dangerous; 6% risk of failure)
Confirm with . or Enter, or press ? or * to list all spells.
Aiming: Tukima's Dance (dangerous; 6% risk of failure)
Press: ? - help, Shift-Dir - straight line, f/p - ogre
Aim: an ogre, wielding a +0 giant club (chance to affect: 52%)
The +0 giant club dances into the air!
Something bites your +0 giant club but does no damage.
Casting: Tukima's Dance (dangerous; 6% risk of failure)
Confirm with . or Enter, or press ? or * to list all spells.
Okay, then.
What are your orders? t - Shout!
Orders for allies: a - Attack new target. p - Attack previous target. r - Retreat! s - Stop attacking. g - Guard the area. f - Follow me.
Anything else - Cancel.
Gang up on whom?
Press: ? - help, Dir - move target, f/p - ogre
Aim: an ogre (ally target) Attack!
A hound comes into view.
The ogre hits you!
The hound bites your +0 giant club.
The ogre attacks as you move away! The ogre hits you.
You swap places.
The hound closely misses you.
Your +0 giant club hits the ogre!
The ogre hits your +0 giant club!
Your +0 giant club falls from the air.
There is a stone staircase leading down here.
The hound bites you. The hound misses you.
You aren't carrying any scrolls.
You fade into invisibility!
The hound bites you.
* * * LOW HITPOINT WARNING * * *
The hound closely misses you.
You barely miss the hound. The hound bites you.
* * * LOW HITPOINT WARNING * * *
The hound attacks as you move away! The hound bites you.
You die...

.. .# .# .# ##.#
..^^^. #.. #.^_^.
#.# ##.^^.. #@#
.......####h#
........##.O# ##
........##)### #...
.............#....#
...............#
##..b..........#
####...........#
#....<......#


You could see an ogre (unable to see you) and a hound.

Vanquished Creatures
  3 adders
  A worm (D:2)
  A dart slug (D:3)
  3 ball pythons
  7 endoplasms
  2 giant cockroaches
  5 goblins (D:3)
  6 hobgoblins
  5 jackals
  3 quokkas
  3 bats
  3 frilled lizards
  6 kobolds
  11 rats
59 creatures vanquished.

Vanquished Creatures (collateral kills)
  3 goblins
3 creatures vanquished.

Vanquished Creatures (others)
  A dancing weapon (D:4)
1 creature vanquished.

Grand Total: 63 creatures vanquished

Notes
Turn   | Place    | Note
-------+----------+-------------------------------------------
     0 | D:1      | smilodon the Vampire Enchanter began the quest for the Orb.
     0 | D:1      | Reached XP level 1. HP: 13/13 MP: 3/3
   317 | D:1      | Reached XP level 2. HP: 14/19 MP: 5/5
   542 | D:1      | Found Foysuwar's Weapon Shop.
  1427 | D:2      | Gained mutation: You are afflicted with vampirism and can
                  | become a bat while bloodless. [Vampire growth]
  1427 | D:2      | Reached XP level 3. HP: 14/24 MP: 6/6
  1526 | D:2      | Reached skill level 5 in Stealth
  1530 | D:2      | Learned a level 3 spell: Confusing Touch
  1543 | D:2      | Reached skill level 5 in Hexes
  1714 | D:2      | Learned a level 3 spell: Tukima's Dance
  2072 | D:2      | Gained mutation: Potions are less effective at restoring
                  | your health. [potion of mutation]
  2072 | D:2      | Gained mutation: You have sharp fingernails. [potion of
                  | mutation]
  2231 | D:3      | Found a faded altar of an unknown god.
  2237 | D:3      | Reached XP level 4. HP: 27/30 MP: 0/7
  2953 | D:4      | Found a shimmering altar of Xom.
  2959 | D:4      | Noticed an ogre
  2979 | D:4      | Slain by a hound

Illustrated notes

Levels and vault maps discovered:
D:1:      dpeg_arrival_ratfight, layout_basic, serial_shops,
          nicolae_square_shop, chequers_serial_rivers_small_a
D:2:      layout_rooms
D:3:      layout_rooms, chequers_ecumenical_altar_simple_redux,
          chequers_serial_rivers_large_b, kennysheep_nondescript,
          minmay_goblin_outpost
D:4:      layout_rooms, mainiacjoe_overflow_surrounded_room, xom_teletrap_fun,
          slow_altar_1, minmay_temple_entry_butterflies

Skill      XL: |  1  2  3  4 |
---------------+-------------+-----
Stealth        | 5 |  5.3
Hexes          | 5 |  5.2
Short Blades   | 2 |  2.3
Dodging        | 3 |  3.0
Spellcasting   | |  2.6

Action                   |  1- 3 |  4- 6 || total
-------------------------+-------+-------++-------
Melee: Dagger            |   149 |    37 ||   186
       Bite              |    19 |     3 ||    22
       Punch             |     1 |       ||     1
 Cast: Tukima's Dance    |     5 |     4 ||     9
       Confusing Touch   |     3 |     2 ||     5
  Use: Scroll            |     6 |       ||     6
       Potion            |     5 |     2 ||     7
 Stab: Sleeping          |     9 |     4 ||    13
       Invisible         |     3 |       ||     3
       Confused          |       |     2 ||     2
Armor: Robe              |    23 |     5 ||    28
Dodge: Dodged            |   101 |    27 ||   128
